[Event "Late-Titled-Tuesday-Blitz-September-05-2023"]
[Site "Chess.com"]
[Date "2023.09.05"]
[Round "2"]
[White "jcibarra"]
[Black "adiosabu"]
[Result "1-0"]
[WhiteElo "2917"]
[BlackElo "2567"]
[TimeControl "180+1"]
[EndTime "14:17:32 PDT"]
[Termination "jcibarra won by resignation"]

1. e4 c5 2. Nf3 Nc6 3. Nc3 d6 4. d4 cxd4 5. Nxd4 Nf6 6. Nd5 e6 7. Nxf6+ Qxf6 8. Nb5 Qd8 9. c4 Be7 10. Bf4 e5 11. Be3 O-O 12. Be2 a6 13. Nc3 Bg5 14.
Qd2 Bxe3 15. Qxe3 Nd4 16. Bd3 b5 17. Rc1 Be6 18. cxb5 axb5 19. a3 Qb8 20. Ne2 Nxe2 21. Bxe2 b4 22. O-O bxa3 23. bxa3 Qb2 24. Rc3 Rfc8 25.
Rfc1 Rxc3 26. Rxc3 g6 27. h4 h5 28. Bxh5 gxh5 29.
Qg5+ Kf8 30. Qh6+ Kg8 31. Rg3+ Bg4 32. Qxh5 Rxa3 33. Rxg4+ Kf8 34. Qg5 Ra1+ 35. Kh2 Ke8 36. Qf6 Qb3 37. Qxd6 1-0

[Event "Late-Titled-Tuesday-Blitz-September-05-2023"]
[Site "Chess.com"]
[Date "2023.09.05"]
[Round "2"]
[White "isla88"]
[Black "fitod"]
[Result "1-0"]
[WhiteElo "2478"]
[BlackElo "2257"]
[TimeControl "180+1"]
[EndTime "14:17:32 PDT"]
[Termination "isla88 won by resignation"]

1. d4 Nf6 2. Nf3 e6 3. Bf4 d5 4. e3 c5 5. c3 Bd6 6. Ne5 O-O 7. Nd2 Qc7 8. Bd3 Nbd7 9. Ndf3 Ne4 10. O-O f6 11.
Nxd7 Bxd7 12. Bxd6 Qxd6 13. Bxe4 dxe4 14. dxc5 Qxd1 15.
Rfxd1 Ba4 16. Rd4 Bc6 17. Nd2 e5 18. Rd6 Rad8 19. Nc4 Bb5 20. Rad1 Rc8 21. Na3 Bd3 22. b4 Rf7 23. Nb1 Rfc7 24. f3 Be2 25. Rd8+ Kf7 26. Rxc8 Rxc8 27. Rd7+ Kg6 28. fxe4 b6 29. cxb6 axb6 30.
Rd2 Bc4 31. a4 Ra8 32. Na3 Bb3 33. Rb2 Be6 34. Nb5 Rxa4 35. Kf2 Bd7 36. Nc7 Ra3 37. Nd5 Bc6 38. Ne7+ Kf7 39. Nxc6 Rxc3 40. b5 Rc4 41. Kf3 h5 42. Rd2 g5 43. Rd7+ Ke6 44. Rb7 g4+ 45. Kg3 Rxe4 46. Rxb6 Kf5 47. Ne7+ Kg5 48. Kf2 Rb4 49. Rb8 Rb2+ 50. Ke1 Rxg2 51. Rg8+ Kh6 52. b6 Rb2 53. Nf5+ Kh7 54. Rg7+ Kh8 55. b7 h4 56.
Rc7 g3 57. hxg3 hxg3 58. Nxg3 1-0

[Event "Late-Titled-Tuesday-Blitz-September-05-2023"]
[Site "Chess.com"]
[Date "2023.09.05"]
[Round "2"]
[White "Haykoooo0o"]
[Black "PapaieDudu"]
[Result "1-0"]
[WhiteElo "2493"]
[BlackElo "2290"]
[TimeControl "180+1"]
[EndTime "14:17:33 PDT"]
[Termination "Haykoooo0o won on time"]

1. d4 d5 2. Nf3 Nf6 3. e3 e6 4. Bd3 Bd6 5. Bd2 O-O 6. Bc1 Re8 7. Nbd2 b6 8. e4 dxe4 9. Nxe4 Nxe4 10. Bxe4 c6 11. O-O Bb7 12. c3 Nd7 13. Qe2 Qc7 14.
h3 Nf6 15. Bc2 c5 16. dxc5 Qxc5 17. Be3 Qh5 18. Rfd1 Nd5 19. Nd4 Qe5 20. Nf3 Qh5 21.
Rd4 Nxe3 22. fxe3 Bc5 23. Rf4 e5 24. Rg4 f5 25. Rg5 Qh6 26. Rxf5 Rf8 27. Re1 1-0

[Event "Late-Titled-Tuesday-Blitz-September-05-2023"]
[Site "Chess.com"]
[Date "2023.09.05"]
[Round "2"]
[White "subham777"]
[Black "Zhigalko_Sergei"]
[Result "0-1"]
[WhiteElo "2548"]
[BlackElo "2883"]
[TimeControl "180+1"]
[EndTime "14:17:35 PDT"]
[Termination "Zhigalko_Sergei won by resignation"]

1. e4 c5 2. Nf3 Nc6 3. Bb5 Nf6 4. d3 Qa5+ 5. Nc3 Nd4 6. Bc4 b5 7. Bb3 Nxb3 8. cxb3 d6 9. O-O e6 10. e5 dxe5 11. Nxe5 Bb7 12. a4 b4 13. Nb5 a6 14.
Nc4 Qd8 15. Bf4 axb5 16. axb5 Be7 17. b6 O-O 18. Ra7 Bd5 19. Qa1 Nd7 20. b7 Bxb7 21.
f3 Nf6 22. Rxa8 Bxa8 23. Qc1 Qxd3 24. Rd1 Qxb3 25. Ne5 Nd5 26. Bg3 h6 27. Nd7 Rc8 28.
Bf2 Bg5 29. Qa1 Be3 30. Bxe3 Qxe3+ 31. Kh1 c4 32. Qa6 Rd8 33. Nc5 Qxc5 0-1

[Event "Late-Titled-Tuesday-Blitz-September-05-2023"]
[Site "Chess.com"]
[Date "2023.09.05"]
[Round "2"]
[White "NovakCabarkapa"]
[Black "boldpilot22622"]
[Result "1-0"]
[WhiteElo "2806"]
[BlackElo "2527"]
[TimeControl "180+1"]
[EndTime "14:17:35 PDT"]
[Termination "NovakCabarkapa won on time"]

1. d4 d6 2. Nc3 Bf5 3. e4 Bg6 4. f4 Nf6 5. f5 Bh5 6. Qd3 e5 7. dxe5 dxe5 8. Qxd8+ Kxd8 9. h3 Bb4 10. g4 Nxe4 11.
Ne2 Nc6 12. Be3 g6 13. O-O-O+ Nd6 14. Nd5 gxf5 15. Bg5+ Kc8 16. gxh5 Ne4 17. Bh4 Bc5 18. Nec3 Bf2 19. Nxe4 Bxh4 20. Nec3 Nd4 21. Kb1 c6 22.
Ne3 Kc7 23. Bc4 f6 24. Rhf1 f4 25. Ng4 Rad8 26. Nh6 Rd7 27. Ne4 f5 28. Nc5 Re7 29. Rxd4 exd4 30. Ne6+ Rxe6 31. Bxe6 Bg5 32. Nxf5 Re8 33. Bc4 1-0

[Event "Late-Titled-Tuesday-Blitz-September-05-2023"]
[Site "Chess.com"]
[Date "2023.09.05"]
[Round "2"]
[White "emeli_chess"]
[Black "PepeCuenca"]
[Result "0-1"]
[WhiteElo "2362"]
[BlackElo "2676"]
[TimeControl "180+1"]
[EndTime "14:17:35 PDT"]
[Termination "PepeCuenca won by resignation"]

1. d4 d6 2. e4 Nf6 3. Bd3 e5 4. d5 Be7 5. c4 O-O 6. Nc3 c6 7. f3 cxd5 8. cxd5 Nfd7 9. Be3 Bg5 10. Qd2 Bxe3 11. Qxe3 Nc5 12. Bc2 a5 13. Nge2 Bd7 14. O-O b5 15. a3 Nba6 16. Nc1 b4 17. axb4 Nxb4 18. Ba4 f5 19. Bxd7 Qxd7 20. Qd2 fxe4 21. Nxe4 Nxe4 22. fxe4 Rxf1+ 23. Kxf1 Rf8+ 24. Kg1 Qb5 25. Ne2 Qb6+ 26. Kh1 Rf2 27. Rc1 h6 28. h3 Qa6 29.
Re1 Nd3 30. Qe3 Rxg2 31. Rf1 Nf4 32. Rxf4 Rxe2 33. Rf8+ Kxf8 34. Qf3+ Kg8 35. Qf5 Re1+ 36. Kg2 Qe2+ 37. Kg3 Rg1+ 38. Kh4 Qe1+ 39. Kh5 Rg5+ 0-1

[Event "Late-Titled-Tuesday-Blitz-September-05-2023"]
[Site "Chess.com"]
[Date "2023.09.05"]
[Round "2"]
[White "YEIKO2017"]
[Black "IlanSchnaider"]
[Result "1-0"]
[WhiteElo "2433"]
[BlackElo "2752"]
[TimeControl "180+1"]
[EndTime "14:17:37 PDT"]
[Termination "YEIKO2017 won by checkmate"]

1. e4 c5 2. Nf3 d6 3. d4 cxd4 4. Nxd4 Nf6 5. Nc3 a6 6. Bg5 e6 7.
f4 Be7 8. Qf3 Qc7 9. O-O-O Nbd7 10. g4 h6 11. Bxf6 Bxf6 12. h4 Nb6 13. g5 Bxd4 14. Rxd4 Qc5 15. Rd2 Bd7 16. Be2 Na4 17.
Nxa4 Bxa4 18. Rhd1 Rc8 19. b3 Bd7 20. c4 Rc6 21.
Qc3 O-O 22. gxh6 f6 23. hxg7 Kxg7 24. Qg3+ Kf7 25. e5 Ke7 26. Qg7+ Rf7 27. exf6+ Kd8 28. Qxf7 Qa3+ 29. Kb1 e5 30. Rxd6 Rxd6 31. Qe7+ Kc7 32. Qxd6+ Qxd6 33. Rxd6 Kxd6 34. fxe5+ Kxe5 35. f7 Bf5+ 36. Kb2 Ke6 37. f8=Q Be4 38. Bg4+ Ke5 39. Qe7+ Kf4 40.
Bc8 b5 41. cxb5 axb5 42. h5 b4 43. h6 Ke3 44. Bf5 Kf2 45. Qxe4 Kg3 46. Qg4+ Kf2 47. h7 Ke1 48. h8=Q Kd2 49. Qh2+ Ke3 50. Qe4# 1-0

[Event "Late-Titled-Tuesday-Blitz-September-05-2023"]
[Site "Chess.com"]
[Date "2023.09.05"]
[Round "2"]
[White "TheRigos"]
[Black "queen_iryna"]
[Result "1/2-1/2"]
[WhiteElo "2520"]
[BlackElo "2335"]
[TimeControl "180+1"]
[EndTime "14:17:39 PDT"]
[Termination "Game drawn by repetition"]

1. e4 d6 2. d4 Nf6 3. Nc3 e5 4. Nf3 Nbd7 5. Rg1 g6 6. g4 Bg7 7. g5 Nh5 8. Be3 O-O 9. Qd2 c6 10. O-O-O Qa5 11. Kb1 b5 12. dxe5 Nxe5 13. Nxe5 dxe5 14.
Bc5 Re8 15. a3 Be6 16. Qe3 Nf4 17. Ne2 Rad8 18. Rc1 Rd7 19. Nxf4 exf4 20. Qxf4 Be5 21. Qe3 Red8 22. f4 Bg7 23. Bd3 Bd4 24. Bxd4 Rxd4 25. Rgd1 b4 26. Be2 Rxd1 27. Rxd1 Rxd1+ 28. Bxd1 bxa3 29. Qxa3 Qd2 30. Qf3 Qxh2 31. f5 gxf5 32. exf5 Bd5 33. Qe3 Qh1 34. Qe8+ Kg7 35. Qe5+ Kg8 36.
Kc1 Bf3 37. Qe8+ Kg7 38. Qe5+ Kg8 39. Qb8+ Kg7 40. Qe5+ Kg8 1/2-1/2

[Event "Late-Titled-Tuesday-Blitz-September-05-2023"]
[Site "Chess.com"]
[Date "2023.09.05"]
[Round "2"]
[White "frederiksvane"]
[Black "Alex_Banzea"]
[Result "1-0"]
[WhiteElo "2930"]
[BlackElo "2569"]
[TimeControl "180+1"]
[EndTime "14:17:40 PDT"]
[Termination "frederiksvane won by resignation"]

1. c4 e6 2. Nc3 d5 3. d4 Nf6 4.
cxd5 exd5 5. Bg5 c6 6. e3 h6 7.
Bh4 Be7 8. Bd3 O-O 9. h3 Re8 10.
Nf3 Ne4 11. Bxe7 Qxe7 12. O-O Bf5 13. Bxe4 dxe4 14. Nd2 Nd7 15. Rb1 Nf6 16. b4 a6 17.
a4 Rad8 18. Qe2 h5 19. Rfc1 g6 20. b5 axb5 21. axb5 c5 22. dxc5 Qxc5 23. Ncxe4 Nxe4 24. Rxc5 Rxd2 25. Qe1 Nxc5 26. Qxd2 Bxb1 27. Qc1 Be4 28. Qxc5 Bf5 29. Qd5 Be4 30. Qd7 Kf8 31. f3 Bf5 32. Qxb7 Rxe3 33. b6 Re8 34. Qc7 Bc8 35. Kf2 Ba6 36.
Qa7 Bc8 37. h4 Kg8 38. Kg3 Kf8 39. Kf4 Kg8 40. Kg5 Kf8 41. Kh6 Re7 42. Qb8 Re8 43. Qd6+ Kg8 44. Qc7 Kf8 45. f4 Kg8 46. f5 gxf5 47. Kxh5 Kf8 48. Kg5 Ba6 49. b7 Bxb7 50. Qxb7 1-0

[Event "Late-Titled-Tuesday-Blitz-September-05-2023"]
[Site "Chess.com"]
[Date "2023.09.05"]
[Round "2"]
[White "arminmusovic"]
[Black "JoakimVonAnd"]
[Result "1-0"]
[WhiteElo "2528"]
[BlackElo "2726"]
[TimeControl "180+1"]
[EndTime "14:17:41 PDT"]
[Termination "arminmusovic won by resignation"]

1. a3 Nf6 2. c4 e6 3. d4 d5 4. Nc3 dxc4 5. e3 a6 6. Bxc4 b5 7. Be2 Bb7 8. Bf3 Qc8 9. e4 Nbd7 10. Bf4 c5 11. d5 e5 12. Be3 Bd6 13. Nge2 O-O 14.
Ng3 Re8 15. h4 Nb6 16. Nf5 Bf8 17. g4 Nc4 18. g5 Nd7 19. Bg4 b4 20. Na4 Nxe3 21. fxe3 Qd8 22. O-O g6 23. Qf3 gxf5 24. Qxf5 Bc8 25. Qxf7+ Kh8 26. Qh5 Bg7 27. Bf5 Nf8 28.
Bxh7 Bg4 29. Qxg4 Nxh7 30. g6 Nf6 31. Rxf6 Qxf6 32. Qh5+ Kg8 33. Qh7+ Kf8 34. Rf1 Ke7 35. Rxf6 Kxf6 36. Qh5 bxa3 37. Qf5+ Ke7 38. Qe6+ Kd8 39. Qd6+ Kc8 40. Qc6+ Kd8 41. Qxa8+ Ke7 42. Qb7+ Kd6 43. Qc6+ Ke7 44. Qe6+ Kd8 45. Qd6+ Kc8 46. Nxc5 1-0

[Event "Late-Titled-Tuesday-Blitz-September-05-2023"]
[Site "Chess.com"]
[Date "2023.09.05"]
[Round "2"]
[White "Too_Stupid_To_Play"]
[Black "HajiyevKanan"]
[Result "0-1"]
[WhiteElo "2240"]
[BlackElo "2493"]
[TimeControl "180+1"]
[EndTime "14:17:41 PDT"]
[Termination "HajiyevKanan won by checkmate"]

1. d4 Nf6 2. Nc3 a6 3. e4 b5 4. f3 b4 5. Nce2 Bb7 6. Bg5 h6 7. Bxf6 gxf6 8. Qd2 e5 9. d5 Bc5 10.
Ng3 c6 11. Bc4 Qb6 12. Nh3 cxd5 13. Bxd5 Nc6 14. Nf5 O-O-O 15. Bxf7 Nd4 16. Bd5 Bxd5 17. Nxd4 Bxd4 18. exd5 Bxb2 19. Ke2 Qb5+ 20. Qd3 Qxd3+ 21. Kxd3 Bxa1 22. Rxa1 Rhg8 23. g4 Kc7 24. Nf2 h5 25. gxh5 f5 26. Kc4 Kd6 27. Kxb4 Kxd5 28. Rd1+ Ke6 29.
Nd3 d6 30. Ka5 Rb8 31. a4 Rg2 32. Nb4 Rxh2 33. Nxa6 Ra8 34. Kb6 Rc8 35. Nc7+ Kd7 36. Nb5 Rc6+ 37. Kb7 Rxh5 38. a5 e4 39. a6 f4 40. Nd4 Rc7+ 41. Kb8 Rh8# 0-1

[Event "Late-Titled-Tuesday-Blitz-September-05-2023"]
[Site "Chess.com"]
[Date "2023.09.05"]
[Round "2"]
[White "YoreDea"]
[Black "Fandorine"]
[Result "0-1"]
[WhiteElo "2568"]
[BlackElo "2918"]
[TimeControl "180+1"]
[EndTime "14:17:42 PDT"]
[Termination "Fandorine won on time"]

1. d4 Nf6 2. g3 d5 3. Bg2 g6 4. Nf3 Bg7 5. a4 O-O 6. O-O a5 7. c3 b6 8. Bf4 Bb7 9. Na3 Nbd7 10. Ne5 e6 11. Nb5 Ne8 12. Nxd7 Qxd7 13. c4 c6 14. Na3 Nd6 15. Bxd6 Qxd6 16. e3 Rfd8 17. Qc2 Rac8 18. b3 h5 19. h4 c5 20. Nb5 Qe7 21. Rad1 Bc6 22. dxc5 Bxb5 23. axb5 Qxc5 24. Rc1 dxc4 25. bxc4 Qb4 26. Qe4 a4 27. Qb7 Qc5 28. Qa6 a3 29. Qa4 Rd2 30. Bc6 a2 31. Rfd1 Rcd8 32. Re1 Rb2 33.
Red1 Rdd2 34. Rxd2 Rxd2 35. Kf1 Qf5 0-1

[Event "Late-Titled-Tuesday-Blitz-September-05-2023"]
[Site "Chess.com"]
[Date "2023.09.05"]
[Round "2"]
[White "Taran2004"]
[Black "CheckThis4"]
[Result "1-0"]
[WhiteElo "2399"]
[BlackElo "2651"]
[TimeControl "180+1"]
[EndTime "14:17:42 PDT"]
[Termination "Taran2004 won by checkmate"]

1. e4 c5 2. Nf3 d6 3. d4 cxd4 4. Qxd4 Nc6 5. Bb5 Bd7 6. Bxc6 Bxc6 7. c4 Nf6 8. Nc3 g6 9. O-O Bg7 10. Qd3 O-O 11. h3 Rc8 12. Be3 a6 13. b3 Qa5 14.
Nd4 Nd7 15. Nd5 Rfe8 16. Rfd1 Nc5 17. Qc2 Qd8 18. Rac1 Bd7 19. a4 e6 20. Nc3 a5 21.
Ndb5 Bxb5 22. Nxb5 Rc6 23. Bxc5 Rxc5 24. Nxd6 Be5 25.
Nxb7 Qc7 26. Nxc5 Qxc5 27. Qd2 Rb8 28. g3 Rxb3 29. Kg2 Rb2 30. Qd8+ Kg7 31. Rd2 Bf6 32. Qd6 Qg5 33. Rxb2 Qxc1 34. Rb8 g5 35. Qf8+ Kg6 36. Rb7 Qc3 37. Qxf7+ Kh6 38. Qxh7# 1-0

[Event "Late-Titled-Tuesday-Blitz-September-05-2023"]
[Site "Chess.com"]
[Date "2023.09.05"]
[Round "2"]
[White "kacprekt"]
[Black "Nikachu"]
[Result "1-0"]
[WhiteElo "2438"]
[BlackElo "2166"]
[TimeControl "180+1"]
[EndTime "14:17:42 PDT"]
[Termination "kacprekt won by resignation"]

1. e4 c5 2. Nf3 d6 3. d4 cxd4 4. Nxd4 Nf6 5. f3 e5 6. Nb3 Be6 7. c4 Qc7 8. Na3 a6 9. Be2 Be7 10. O-O O-O 11. Be3 Nbd7 12. Rc1 Rac8 13. Qe1 Nc5 14. Nxc5 dxc5 15. Nb1 Rfd8 16. Nc3 Qb8 17. Nd5 Bxd5 18. cxd5 b5 19. Qa5 Qb7 20. Rc2 c4 21.
Rfc1 Nd7 22. a4 Nc5 23. axb5 axb5 24. Qe1 Nb3 25. Rd1 Bc5 26. Qf2 Bxe3 27. Qxe3 Nd4 28.
Rxd4 exd4 29. Qxd4 Qc7 30. b3 Qc5 31. Qxc5 Rxc5 32. bxc4 Rdc8 33. Kf2 bxc4 34. Ke3 c3 35. Kd4 f6 36. f4 Kh8 37. e5 fxe5+ 38. fxe5 Kg8 39.
d6 Ra5 40. Bc4+ Kf8 41. Rxc3 Ke8 42. Bf7+ Kd8 43. Rxc8+ Kxc8 44. e6 Rf5 45. e7 1-0

[Event "Late-Titled-Tuesday-Blitz-September-05-2023"]
[Site "Chess.com"]
[Date "2023.09.05"]
[Round "2"]
[White "FabianoCaruana"]
[Black "JackRodgers"]
[Result "1-0"]
[WhiteElo "3065"]
[BlackElo "2602"]
[TimeControl "180+1"]
[EndTime "14:17:46 PDT"]
[Termination "FabianoCaruana won by resignation"]

1. c4 c5 2. g3 g6 3. Bg2 Bg7 4. Nc3 Nf6 5. Nf3 Nc6 6. d4 cxd4 7. Nxd4 O-O 8. O-O d6 9. Nc2 Be6 10. Ne3 Qd7 11. b3 Bh3 12. Bb2 Bxg2 13. Kxg2 Rac8 14.
Rc1 a6 15. Qd2 Rfd8 16. Ncd5 Nxd5 17. Nxd5 Bxb2 18. Qxb2 Qf5 19. Rfd1 Re8 20. f3 Qe5 21. Qd2 e6 22. Nc3 Rcd8 23. h4 d5 24. cxd5 exd5 25.
Qg5 Qxg5 26. hxg5 Kg7 27. Rd2 d4 28. Ne4 h6 29. gxh6+ Kxh6 30. Nc5 Re7 31. Nxb7 Rxb7 32. Rxc6 a5 33. Rc4 Rbd7 34. Kf2 f5 35. Rc5 Rd5 36. Rxd5 Rxd5 37. f4 g5 38. Rc2 d3 39. Rd2 gxf4 40.
gxf4 Rd4 41. e3 Rd8 42. Kf3 Kg6 43. e4 a4 44. Ke3 axb3 45. axb3 fxe4 46. Kxe4 Re8+ 47.
Kxd3 Kf5 48. Rf2 Rd8+ 49. Kc3 Rc8+ 50. Kb2 Rb8 51. Rf1 Rc8 52. Rc1 Rb8 53. Rc4 Rh8 54. b4 Ke6 55. Kb3 Kd5 56. Rc5+ Kd4 57. f5 Rh3+ 58.
Ka4 Rh1 59. Kb5 Rf1 60. Kb6 Rb1 61. b5 Rh1 62. Rc6 Rh5 63. f6 Rf5 64. Ka6 Kd5 65. Kb7 Ke5 66. b6 Rxf6 67. Rxf6 1-0

[Event "Late-Titled-Tuesday-Blitz-September-05-2023"]
[Site "Chess.com"]
[Date "2023.09.05"]
[Round "2"]
[White "Chessdreamer2020"]
[Black "copanchess"]
[Result "0-1"]
[WhiteElo "2499"]
[BlackElo "2174"]
[TimeControl "180+1"]
[EndTime "14:17:46 PDT"]
[Termination "copanchess won by checkmate"]

1. e4 e5 2. Nf3 Nc6 3. Bb5 a6 4. Bxc6 dxc6 5. Nc3 Bg4 6. h3 Bxf3 7. Qxf3 Bd6 8. Qg3 Ne7 9. Qxg7 Rg8 10. Qxh7 Rxg2 11. d3 Qd7 12. Be3 Qe6 13. O-O-O O-O-O 14. Kb1 Bb4 15. Ne2 Rg6 16. Ng3 c5 17. Qh5 Qb6 18. Qxe5 Re6 19.
Qh5 Bc3 20. Bc1 Qb4 21. Ne2 Bxb2 22. Bxb2 Rb6 23. Qe5 Rd4 24. Kc1 Qxb2+ 25. Kd2 Rxd3+ 26. Kxd3 Qxe5 27. f3 Rd6+ 28. Ke3 Rxd1 29. Rxd1 Nf5+ 30. Kf2 Qh2+ 31. Ke1 Ng3 32. Nxg3 Qxg3+ 33. Ke2 Qxh3 34. Rf1 Qg2+ 35. Rf2 Qg1 36. f4 Qc1 37. Kf3 Kd7 38. e5 Ke6 39. Rh2 f5 40. Rh6+ Kd5 41. Rh7 Qf1+ 42.
Ke3 Qe1+ 43. Kf3 Qe4+ 44. Kg3 Qe3+ 45. Kg2 Qxf4 46. Rxc7 Qxe5 47. Rxb7 Kc4 48. Rb3 f4 49. Rf3 Qe4 50. Kf2 Kd4 51. Kf1 Qxf3+ 52. Kg1 Qe2 53. c4 f3 54. a4 Qg2# 0-1

[Event "Late-Titled-Tuesday-Blitz-September-05-2023"]
[Site "Chess.com"]
[Date "2023.09.05"]
[Round "2"]
[White "Chessdemon2019"]
[Black "dretch"]
[Result "0-1"]
[WhiteElo "2393"]
[BlackElo "2871"]
[TimeControl "180+1"]
[EndTime "14:17:46 PDT"]
[Termination "dretch won by resignation"]

1. e4 e6 2. d4 d5 3. exd5 exd5 4. Bd3 Nc6 5. c3 Bd6 6. Nf3 Bg4 7. h3 Bh5 8. O-O Nge7 9. Re1 Qd7 10. b4 O-O 11. Nbd2 Ng6 12. Nf1 Nf4 13. Bxf4 Bxf4 14. Ng3 Bg6 15.
b5 Na5 16. Ne5 Bxe5 17. dxe5 Bxd3 18. Qxd3 Nc4 19. a4 a6 20. Nf5 axb5 21. axb5 Rxa1 22. Rxa1 Nxe5 23. Qc2 Qxb5 24. Rb1 Qa6 25. Ne7+ Kh8 26.
Nxd5 Qd6 27. c4 b6 28. Ne3 Kg8 29. Rd1 Qb4 30. Qe4 Qe7 31. Rd5 Re8 32. Qc2 Nc6 33. c5 Nb4 34. Qb3 Nxd5 35. Nxd5 Qxc5 36. Qf3 Re1+ 37.
Kh2 Qd6+ 38. Nf4 g5 39. Qg4 Qxf4+ 40. Qxf4 gxf4 0-1

[Event "Late-Titled-Tuesday-Blitz-September-05-2023"]
[Site "Chess.com"]
[Date "2023.09.05"]
[Round "2"]
[White "DTChess"]
[Black "Willychess95"]
[Result "1-0"]
[WhiteElo "2454"]
[BlackElo "2690"]
[TimeControl "180+1"]
[EndTime "14:17:47 PDT"]
[Termination "DTChess won by resignation"]

1. e4 c5 2. Nf3 d6 3. Nc3 Nf6 4. d4 cxd4 5. Nxd4 g6 6. Be3 a6 7.
f3 b5 8. a3 Bb7 9. Qd2 Nbd7 10. O-O-O h5 11. h4 Bg7 12. Be2 Rc8 13. Kb1 Nb6 14.
Rhe1 Nfd7 15. Nb3 Ne5 16. Bd4 Nbc4 17. Bxc4 Nxc4 18. Qd3 e5 19. Bf2 Qc7 20. Nd5 Bxd5 21. Qxd5 Nxa3+ 22. bxa3 Qxc2+ 23. Ka1 Qc3+ 24. Kb1 Qc2+ 25.
Ka1 Qxf2 26. Qxd6 Qa7 27. Rc1 Rd8 28. Qc6+ Qd7 29. Red1 Qxc6 30. Rxd8+ Kxd8 31. Rxc6 Ke7 32. Rxa6 Rc8 33. Kb2 Bf6 34. g3 g5 35. hxg5 Bxg5 36.
Rb6 Rg8 37. Rxb5 Bf6 38. a4 Rxg3 39. a5 Rg8 40. Rb7+ Ke6 41. Rb6+ Ke7 42. Rb7+ Ke8 43. Rb8+ Bd8 44. a6 Rg5 1-0

[Event "Late-Titled-Tuesday-Blitz-September-05-2023"]
[Site "Chess.com"]
[Date "2023.09.05"]
[Round "2"]
[White "EsmeraldasAnderson03"]
[Black "Maluco_do_Natal_00"]
[Result "1-0"]
[WhiteElo "2405"]
[BlackElo "1970"]
[TimeControl "180+1"]
[EndTime "14:17:47 PDT"]
[Termination "EsmeraldasAnderson03 won on time"]

1. d4 d5 2. c4 c6 3. cxd5 cxd5 4. Nc3 Nc6 5. Bf4 Nf6 6. e3 a6 7. Rc1 Bg4 8. Qb3 Na5 9. Qa4+ Nc6 10. Bd3 e6 11.
Nf3 Bxf3 12. gxf3 Be7 13. Qb3 Na5 14. Qc2 b5 15. Rg1 g6 16. Nxb5 axb5 17. Bxb5+ Kf8 18. Bc7 Qc8 19. Bxa5 Qxc2 20. Rxc2 Rxa5 21. a4 Kg7 22. Ke2 Rb8 23. Rc7 Bd6 24. Rc6 Bf8 25. Rb1 Raxb5 26. axb5 Rxb5 27. b3 Bb4 28. Ra1 Rb7 29. Kd3 Ne8 30.
Raa6 Nf6 31. Kc2 1-0

[Event "Late-Titled-Tuesday-Blitz-September-05-2023"]
[Site "Chess.com"]
[Date "2023.09.05"]
[Round "2"]
[White "Sinquefield"]
[Black "Sacbutt"]
[Result "1/2-1/2"]
[WhiteElo "2466"]
[BlackElo "2266"]
[TimeControl "180+1"]
[EndTime "14:17:48 PDT"]
[Termination "Game drawn by repetition"]

1. e4 e5 2. Nf3 Nc6 3. Bc4 Bc5 4. d4 Bxd4 5. c3 Bb6 6. b4 d6 7. b5 Na5 8. Bd5 c6 9. bxc6 bxc6 10. Bb3 Nxb3 11.
axb3 h6 12. h3 Nf6 13. Qc2 O-O 14. g4 d5 15. g5 Nxe4 16. gxh6 Bxf2+ 17. Kf1 Qf6 18. Nbd2 Nxd2+ 19. Qxd2 Qxf3 20. Qxf2 Qxh1+ 21. Ke2 Qe4+ 22. Be3 g6 23. Qf6 Qc2+ 24. Bd2 Ba6+ 25. Rxa6 Qe4+ 26. Kd1 Qb1+ 27. Bc1 Qd3+ 28. Ke1 Qe4+ 29. Kd1 Qd3+ 30. Bd2 Qb1+ 31. Ke2 Qe4+ 32. Be3 Qc2+ 33. Ke1 Qb1+ 34.
Kd2 Qb2+ 35. Kd1 Qb1+ 36. Bc1 Qd3+ 1/2-1/2

[Event "Late-Titled-Tuesday-Blitz-September-05-2023"]
[Site "Chess.com"]
[Date "2023.09.05"]
[Round "2"]
[White "Bauman_Guy"]
[Black "Triumphmate"]
[Result "1-0"]
[WhiteElo "2876"]
[BlackElo "2541"]
[TimeControl "180+1"]
[EndTime "14:17:49 PDT"]
[Termination "Bauman_Guy won by resignation"]

1. e4 d5 2. exd5 Nf6 3. Bb5+ c6 4. dxc6 Nxc6 5. d4 Bg4 6. Nf3 e6 7. O-O Be7 8. c3 O-O 9. Be2 h6 10. Bf4 Rc8 11. Nbd2 Qb6 12. Nc4 Qd8 13. Bg3 a6 14. a4 b5 15. Nce5 Nxe5 16. Nxe5 Bxe2 17. Qxe2 b4 18. Qxa6 bxc3 19. bxc3 Rxc3 20. Nc6 Qd7 21.
Nxe7+ Qxe7 22. Bd6 Qe8 23. a5 Rc6 24. Qxc6 Qxc6 25. Bxf8 Kxf8 26. a6 Nd7 27. a7 Nb6 28. Ra6 Qb7 29. Rxb6 Qxa7 30. Rfb1 g6 31. h4 Qe7 32. g3 Qf6 33. Rd6 Qe7 34. Rdb6 g5 35. hxg5 hxg5 36. Rc1 Qa3 37. Rbc6 Kg7 38. R6c5 Kg6 39.
Kg2 g4 40. R1c3 Qa8+ 41. Kh2 Qa2 42. Rc2 Qa4 43. d5 exd5 44. Rd2 f5 45. Rdxd5 f4 46. Rg5+ Kh6 47. Rxg4 fxg3+ 48. Rxg3 Qd4 49. Rc2 Qh4+ 50. Kg1 Qe4 51. Rc1 Qf4 52. Re1 Qb4 53. Rf1 Qc4 54. Kg2 Qe4+ 55. Kh2 Qh4+ 56. Rh3 1-0

[Event "Late-Titled-Tuesday-Blitz-September-05-2023"]
[Site "Chess.com"]
[Date "2023.09.05"]
[Round "2"]
[White "simplerXiao"]
[Black "Defenstrator"]
[Result "1-0"]
[WhiteElo "2506"]
[BlackElo "2306"]
[TimeControl "180+1"]
[EndTime "14:17:49 PDT"]
[Termination "simplerXiao won by resignation"]

1. e4 d6 2. d4 Nd7 3. Nc3 Ngf6 4.
Bg5 e6 5. f3 Be7 6. Qd2 h6 7.
Be3 c5 8. Nge2 cxd4 9. Nxd4 a6 10.
g4 Ne5 11. O-O-O b5 12. h3 Bb7 13. Kb1 Rc8 14. h4 d5 15. Qf2 Rxc3 16. bxc3 Qa5 17.
Nb3 Qxc3 18. Be2 Nc4 19. Bxc4 bxc4 20. Qd2 Qe5 21. Na5 O-O 22. Bf4 Nxe4 23. Bxe5 Nxd2+ 24. Rxd2 Bb4 25. Nxb7 Bxd2 26. a3 f6 27. Bd6 Rc8 28.
Rd1 c3 29. Na5 e5 30. Nb3 Rc6 31. Bb4 d4 32. Nxd2 cxd2 33. Rxd2 Kf7 34. Ka2 Ke6 35. Kb3 Kd5 36. c3 Rc4 37. cxd4 Rxd4 38. Rxd4+ Kxd4 39.
Bf8 Ke3 40. Bxg7 Kxf3 41. Bxf6 e4 42. g5 hxg5 43. hxg5 e3 44. g6 e2 45. Bh4 1-0

[Event "Late-Titled-Tuesday-Blitz-September-05-2023"]
[Site "Chess.com"]
[Date "2023.09.05"]
[Round "2"]
[White "sergoy"]
[Black "Rumpel-VK"]
[Result "1-0"]
[WhiteElo "2900"]
[BlackElo "2553"]
[TimeControl "180+1"]
[EndTime "14:17:50 PDT"]
[Termination "sergoy won on time"]

1. d4 Nf6 2. c4 e6 3. Nf3 Bb4+ 4. Nbd2 b6 5. a3 Bxd2+ 6. Qxd2 Bb7 7. e3 d6 8. Be2 Nbd7 9. b4 O-O 10. O-O a5 11. Bb2 Qe7 12. Qc2 h6 13. Nd2 Ra7 14. e4 e5 15. dxe5 dxe5 16. Rac1 axb4 17. axb4 Qxb4 18. Bc3 Qe7 19. Ra1 Rfa8 20. Rxa7 Rxa7 21. f3 Nc5 22. Kh1 Nfd7 23. Rb1 Ne6 24. Qb2 Qa3 25. Bxe5 Nxe5 26. Qxe5 Qe3 27. c5 Qxe2 28. Nf1 bxc5 29. Ng3 Qc2 30. Rg1 g6 31. h4 h5 32. Nf5 gxf5 33. exf5 Nf8 34. Re1 Ra4 35. Qg3+ Kh7 36. Qg5 Qf2 37.
Qxh5+ Kg7 38. Qg5+ Ng6 39. f6+ Kf8 40. Qh6+ 1-0

[Event "Late-Titled-Tuesday-Blitz-September-05-2023"]
[Site "Chess.com"]
[Date "2023.09.05"]
[Round "2"]
[White "Boorchess"]
[Black "vladislavkovalev"]
[Result "1/2-1/2"]
[WhiteElo "2569"]
[BlackElo "2908"]
[TimeControl "180+1"]
[EndTime "14:17:51 PDT"]
[Termination "Game drawn by repetition"]

1. d4 Nf6 2. c4 e6 3. Nf3 d5 4. g3 h6 5. Bg2 Bd6 6. O-O O-O 7. Nbd2 Nc6 8. a3 b6 9. Qc2 Bb7 10. Re1 e5 11. cxd5 Nxd4 12. Nxd4 exd4 13. Nf3 Bxd5 14. Nxd4 Bxg2 15. Kxg2 Re8 16. Nf5 Bf8 17.
e4 Nxe4 18. Nxh6+ gxh6 19. Rxe4 Qd5 20. f3 Rxe4 21. fxe4 Qb7 22. Bd2 Re8 23. Re1 f5 24. Qc4+ Kg7 25. Bc3+ Kg6 26. h4 Bd6 27. h5+ Kg5 28.
Bd2+ Kf6 29. Bc3+ Kg5 30. Bd2+ Kf6 31. Bc3+ Be5 32. Bxe5+ Rxe5 33. Qg8 Rxe4 34. Qf8+ Kg5 35. Qg7+ Kxh5 36. Qf7+ Kg5 37. Qg7+ Kh5 38. Qf7+ Kg5 39. Qg7+ Kh5 1/2-1/2